 Dungeon Crawl Stone Soup version 0.28-a0-1374-ga75cb3825e (webtiles) character file.

Game seed: 1795691405348956993

13342 SensoryNuts the Slicer (level 11, -1/85 HPs)
             Began as a Demonspawn Fighter on Dec 31, 2021.
             Was an Initiate of Gozag.
             Slain by Fannar (16 damage)
             ... on level 10 of the Dungeon on Jan 1, 2022.
             The game lasted 00:21:54 (11514 turns).

SensoryNuts the Slicer (Demonspawn Fighter)        Turns: 11514, Time: 00:21:54

Health: -1/85      AC: 21    Str: 19 (20) XL:     11   Next: 74%
Magic:  11/11      EV: 10    Int:  6 (8)  God:    Gozag
Gold:   748        SH:  0    Dex: 14 (15) Spells: 10/10 levels left

rFire   + . .      SeeInvis +   e - +5 short sword (speed)
rCold   . . .      Faith    .   u - orb {light}
rNeg    . . .      Spirit   .   t - +0 plate armour
rPois   .          Reflect  .   (helmet restricted)
rElec   .          Harm     .   (no cloak)
rCorr   .          Rampage  .   D - +0 pair of gloves
Will    .....                   q - +1 pair of boots "Qiurph" {+Blink rF+}
Stlth   ..........              (no amulet)
HPRegen 0.24/turn               k - +4 ring of protection
MPRegen 0.12/turn               r - ring of see invisible

@: brilliant, gold aura, glowing
A: repulsion field 2, foul stench 2, demonic magic 1, demonic touch 1, antennae
2, thin skeletal structure 1, dopey 1
a: Renounce Religion, Evoke Blink, Potion Petition, Call Merchant, Bribe Branch


You were on level 10 of the Dungeon.
You worshipped Gozag.
Gozag was pleased with you.
You visited 2 branches of the dungeon, and saw 11 of its levels.

You collected 1545 gold pieces.
You paid 797 gold pieces to Gozag.

Inventory:

Hand Weapons
 a - a +0 long sword of freezing
 e - a +5 short sword of speed (weapon)
Missiles
 z - 3 throwing nets (quivered)
Armour
 b - a +0 scale mail
 c - a +0 buckler
 i - a scarf of harm
 q - the +1 pair of boots "Qiurph" (worn) {+Blink rF+}
   (You acquired it on level 5 of the Dungeon)

   rF:        It protects you from fire.
   +Blink:    It lets you blink.
 t - a +0 plate armour (worn)
 u - an orb of light (worn)
 D - a +0 pair of gloves (worn)
Jewellery
 k - a +4 ring of protection (left hand)
 r - a ring of see invisible (right hand)
 s - a ring of willpower
 C - a ring of willpower
Wands
 p - a wand of flame (32)
 y - a wand of mindburst (14)
Scrolls
 d - 4 scrolls of teleportation
 f - 3 scrolls of magic mapping
 j - 2 scrolls of silence
 m - a scroll of fog
 n - a scroll of amnesia
 o - 2 scrolls of identify
 A - a scroll of torment
Potions
 g - 7 potions of curing
 h - a potion of haste {unknown}
 l - a potion of degeneration
 w - a potion of heal wounds
 B - a potion of cancellation


   Skills:
 + Level 7.6 Fighting
 * Level 12.1(12.3) Short Blades
 + Level 3.4(8.5) Long Blades
 + Level 7.6 Armour
 + Level 4.0 Dodging
 + Level 3.5 Stealth
 + Level 5.2 Shields


You had 10 spell levels left.
You didn't know any spells.
Your spell library contained the following spells:

 Spells                   Type           Power      Damage    Failure   Level
 Ozocubu's Armour         Ice            0%         N/A       100%        3
 Ozocubu's Refrigeration  Ice            0%         4d5       100%        7


Dungeon Overview and Level Annotations

Branches:
Dungeon (10/15)            Temple (1/1) D:4            Lair (0/6) D:9
    Orc: D:9-12

Altars:
Ashenzari
Cheibriados
Dithmenos
Elyvilon
Fedhas
Gozag
Hepliaklqana
Kikubaaqudgha
Makhleb
Nemelex Xobeh
Okawaru
Qazlal
Ru
Sif Muna
Trog
Uskayaw
Vehumet
Wu Jian
Xom
Yredelemnul
Zin
The Shining One
Beogh

Annotations:
D:10 Fannar


Innate Abilities, Weirdness & Mutations

You are surrounded by a moderate repulsion field. (EV +3)
You sometimes emit foul miasma when damaged in melee.
Spells you cast may paralyse adjacent enemies.
Your touch may inflict minor irresistible damage on your foes.
You have a pair of antennae on your head.
You have a somewhat thin skeletal structure. (Dex +2, Stealth+)
You are dopey. (Int -2)


Message History

You are too injured to fight recklessly!
You are too injured to fight recklessly!
You are too injured to fight recklessly!
You are too injured to fight recklessly!
You are too injured to fight recklessly!
You are too injured to fight recklessly!
You are too injured to fight recklessly!
You are too injured to fight recklessly!
You are too injured to fight recklessly!
You are too injured to fight recklessly!
You are too injured to fight recklessly!
You are too injured to fight recklessly!
You are too injured to fight recklessly!
You are too injured to fight recklessly!
You are too injured to fight recklessly!
You are too injured to fight recklessly!
You are too injured to fight recklessly!
You are too injured to fight recklessly!
You are too injured to fight recklessly!
You are too injured to fight recklessly!
You are too injured to fight recklessly!
You are too injured to fight recklessly!
You are too injured to fight recklessly!
You are too injured to fight recklessly!
You are too injured to fight recklessly!
You are too injured to fight recklessly!
You are too injured to fight recklessly!
You are too injured to fight recklessly!
Unknown command.
You feel clever all of a sudden.
Fannar points at you and mumbles some strange words.
The bolt of cold hits you!!
* * * LOW HITPOINT WARNING * * *
Okay, then.
As you read the scroll of summoning, it crumbles to dust.
Wisps of shadow whirl around you... Fannar hits you with a staff of cold.
* * * LOW HITPOINT WARNING * * *
Fannar freezes you!
You die...
Your body crumbles into a pile of gold.

##........ #.........
#.........# #..###.....
##...###.....
##....###....##
##...........e.####..
##:...........@.O.....
##............W.$#.....
##...$....}....c........
#.......................
........................
.......$............?..#
.......................#
###....................#
###.....#....###........


You could see Fannar (ally target), a friendly two-headed ogre (summoned), a
friendly shadow (summoned) and a friendly centaur (summoned).

Vanquished Creatures
  Harold (D:7)
  A two-headed ogre (D:8)
  The ghost of Zonian the Zephyrmancer, a novice TeAE of Dithmenos (D:8)
  A cyclops (D:6)
  A troll (D:10)
  3 wyverns
  3 basilisks (D:9)
  4 yaks (D:9)
  Eustachio (D:5)
  Edmund (D:6)
  5 water moccasins
  Pargi (D:3)
  3 orc warriors
  3 black bears (D:9)
  A sky beast (D:7)
  A necrophage (D:5)
  2 ogres
  A centaur (D:8)
  3 bullfrogs
  2 scorpions
  2 water moccasin skeletons
  11 killer bees
  2 howler monkeys (D:8)
  3 hounds
  2 jellies (D:7)
  2 centaur zombies
  2 orc priests
  An iguana (D:6)
  13 orc wizards
  2 killer bee zombies
  A hound skeleton (D:4)
  A howler monkey skeleton (D:7)
  7 adders
  3 gnolls (D:3)
  2 shadow imps
  3 white imps
  An ufetubus (D:6)
  An adder zombie (D:5)
  4 worms
  4 dart slugs
  35 orcs
  5 bats
  7 endoplasms
  2 giant cockroaches
  8 goblins
  8 hobgoblins
  A quokka (D:1)
  12 ball pythons
  5 frilled lizards
  6 kobolds
  6 rats
201 creatures vanquished.

Vanquished Creatures (others)
  3 fungi (D:9)
  11 plants (D:9)
14 creatures vanquished.

Grand Total: 215 creatures vanquished

Notes
Turn   | Place    | Note
-------+----------+-------------------------------------------
     0 | D:1      | SensoryNuts the Demonspawn Fighter began the quest for the
                  | Orb.
     0 | D:1      | Reached XP level 1. HP: 18/18 MP: 1/1
   474 | D:1      | Gained mutation: Your touch may inflict minor irresistible
                  | damage on your foes. [demonic ancestry]
   474 | D:1      | Reached XP level 2. HP: 24/24 MP: 2/2
  1258 | D:2      | Gained mutation: You may rarely emit foul miasma when
                  | damaged in melee. [demonic ancestry]
  1258 | D:2      | Reached XP level 3. HP: 29/29 MP: 3/3
  1500 | D:2      | Found a faded altar of an unknown god.
  1897 | D:2      | Reached skill level 1 in Short Blades
  2006 | D:2      | Reached XP level 4. HP: 32/36 MP: 4/4
  2173 | D:2      | Gained mutation: You are dopey. (Int -2) [potion of
                  | mutation]
  2173 | D:2      | Gained mutation: You have a pair of small antennae on your
                  | head. [potion of mutation]
  2173 | D:2      | Gained mutation: You expend magic power (3 MP) to
                  | strengthen your wands. [potion of mutation]
  2508 | D:3      | Noticed Pargi
  2516 | D:3      | Killed Pargi
  2517 | D:3      | Reached skill level 2 in Short Blades
  2517 | D:3      | Gained mutation: You are surrounded by a mild repulsion
                  | field. (EV +2) [demonic ancestry]
  2517 | D:3      | Reached XP level 5. HP: 42/42 MP: 5/5
  3258 | D:4      | Found a staircase to the Ecumenical Temple.
  3266 | Temple   | Entered the Ecumenical Temple
  3581 | Temple   | Became a worshipper of Gozag Ym Sagoz the Greedy
  3775 | D:4      | Reached skill level 1 in Dodging
  3899 | D:4      | Reached skill level 3 in Short Blades
  3899 | D:4      | Gained mutation: Spells you cast may paralyse adjacent
                  | enemies. [demonic ancestry]
  3899 | D:4      | Reached XP level 6. HP: 45/48 MP: 6/6
  4021 | D:4      | Lost mutation: You expend magic power (3 MP) to strengthen
                  | your wands. [potion of mutation]
  4021 | D:4      | Gained mutation: You have a somewhat thin skeletal
                  | structure. (Dex +2, Stealth+) [potion of mutation]
  4021 | D:4      | Gained mutation: You have a pair of antennae on your head.
                  | [potion of mutation]
  4308 | D:4      | Noticed a water moccasin
  4320 | D:4      | Killed a water moccasin
  4321 | D:4      | Reached skill level 4 in Short Blades
  4321 | D:4      | Reached XP level 7. HP: 50/54 MP: 7/7
  4440 | D:5      | Entered Level 5 of the Dungeon
  4616 | D:5      | Reached skill level 5 in Short Blades
  4857 | D:5      | Noticed Eustachio
  4881 | D:5      | Killed Eustachio
  5146 | D:5      | Reached skill level 6 in Short Blades
  5193 | D:5      | Identified a scroll of acquirement
  5193 | D:5      | Acquired the +1 pair of boots "Qiurph" {+Blink rF+}
  5756 | D:6      | Gained mutation: You are surrounded by a moderate repulsion
                  | field. (EV +3) [demonic ancestry]
  5756 | D:6      | Reached XP level 8. HP: 53/61 MP: 8/8
  5885 | D:6      | Noticed a cyclops
  5903 | D:6      | Killed a cyclops
  6080 | D:6      | Noticed Edmund
  6099 | D:6      | Killed Edmund
  6100 | D:6      | Reached skill level 7 in Short Blades
  6961 | D:6      | Reached skill level 5 in Fighting
  7090 | D:7      | Reached XP level 9. HP: 44/68 MP: 9/9
  7297 | D:7      | Reached skill level 8 in Short Blades
  7297 | D:7      | Reached skill level 5 in Armour
  7882 | D:7      | Noticed Harold
  7915 | D:7      | Killed Harold
  7916 | D:7      | Reached skill level 9 in Short Blades
  8282 | D:7      | You fall into a shaft and drop 2 floors!
  8616 | D:9      | Gained mutation: You sometimes emit foul miasma when
                  | damaged in melee. [demonic ancestry]
  8616 | D:9      | Reached XP level 10. HP: 47/76 MP: 10/10
  8944 | D:9      | Reached skill level 10 in Short Blades
  9020 | D:9      | Found a staircase to the Lair.
  9076 | D:9      | Reached skill level 1 in Stealth
  9688 | D:8      | Noticed a two-headed ogre
  9741 | D:8      | Killed a two-headed ogre
  9742 | D:8      | Reached skill level 11 in Short Blades
 10140 | D:8      | Found a runed translucent door.
 10141 | D:8      | Noticed Zonian's ghost (novice TeAE)
 10244 | D:8      | Reached skill level 5 in Shields
 10244 | D:8      | Reached XP level 11. HP: 84/84 MP: 11/11
 10268 | D:8      | Killed Zonian's ghost
 10413 | D:7      | Found a sacrificial altar of Ru.
 10642 | D:9      | Reached skill level 12 in Short Blades
 11435 | D:10     | Entered Level 10 of the Dungeon
 11502 | D:10     | Noticed Fannar
 11514 | D:10     | Slain by Fannar

Illustrated notes

Levels and vault maps discovered:
D:1:      dpeg_arrival_simpleton_c, layout_basic
D:2:      layout_basic, hellmonk_ecumenical_altar_defaced_shrine
D:3:      layout_loops_ring, minmay_crystal_water, uniq_pargi
D:4:      layout_basic, minmay_temple_entry_butterflies
D:5:      layout_rooms, hex_tiny, uniq_eustachio
D:6:      layout_basic, uniq_edmund
D:7:      layout_rooms, mainiacjoe_overflow_brackets, uniq_harold
D:8:      layout_rooms, ebering_ghost_reflecting_pool
D:9:      layout_basic, minmay_lair_entry_grove, minmay_hedge_maze
D:10:     layout_big_octagon, minivault_20, minmay_misc_feat_square,
          hellmonk_bongcloud_opening, uniq_fannar
Temple:   mainiacjoe_temple_trianglar_array

Skill      XL: |  1  2  3  4  5  6  7  8  9 10 11 |
---------------+----------------------------------+-----
Armour         | 3 4 6 7 |  7.6
Long Blades    | 2 3 |  3.4
Short Blades   | 1 2 3 4 6 7 9 11 12 | 12.1
Shields        | 3 4 5 |  5.2
Fighting       | 4 5 6 7 |  7.6
Dodging        | 1 2 4 |  4.0
Stealth        | 3 |  3.5

Action                   |  1- 3 |  4- 6 |  7- 9 | 10-12 || total
-------------------------+-------+-------+-------+-------++-------
Melee: Long sword        |    13 |       |       |       ||    13
       Short sword       |   109 |   148 |   492 |   283 ||  1032
Invok: Potion Petition   |       |       |     2 |       ||     2
  Use: Scroll            |       |     6 |     5 |     5 ||    16
       Potion            |       |     5 |     6 |     4 ||    15
 Stab: Sleeping          |       |     1 |       |       ||     1
       Distracted        |       |       |       |     1 ||     1
Armor: Scale mail        |    42 |    47 |    28 |       ||   117
       Plate armour      |       |       |    96 |   114 ||   210
Dodge: Dodged            |    48 |    44 |   153 |    73 ||   318
Block: Buckler           |    21 |    21 |    40 |       ||    82

Table legend: (Time is in decaauts)
 A = Elapsed time spent in this place.
 B = Non-inter-level travel time spent in this place.
 C = Inter-level travel time spent in this place.
 D = Time resting spent in this place.
 E = Time spent auto-exploring this place.
 F = Levels seen in this place.
 G = Mean time per level.
                   A        B        C        D        E       F      G
               +--------+--------+--------+--------+--------+-----+--------+
         Total |  10979 |  10595 |    384 |    863 |   8177 |  11 |  998.1 |
       Dungeon |  10566 |  10242 |    324 |    863 |   7829 |  10 | 1056.6 |
        Temple |    412 |    352 |     60 |      0 |    348 |   1 |  412.0 |
               +--------+--------+--------+--------+--------+-----+--------+

Top non-repeatable levels by time:
     D:9: 1528 daAuts
     D:7: 1393 daAuts
     D:5: 1248 daAuts
     D:1: 1220 daAuts
     D:6: 1202 daAuts
     D:8: 1193 daAuts
     D:2: 1074 daAuts
     D:3: 903 daAuts
     D:4: 746 daAuts
  Temple: 412 daAuts
    D:10: 54 daAuts
